 Dungeon Crawl Stone Soup version 0.20.1-1-g8b1a95d (webtiles) character file.

782 goulibeur the Agent of Entropy (level 7, -1/56 HPs)
             Began as a Demonspawn Abyssal Knight on Oct 22, 2017.
             Was a Priest of Lugonu.
             Splashed by a jelly's acid (3 damage)
             ... on level 5 of the Dungeon.
             The game lasted 00:20:23 (4453 turns).

goulibeur the Agent of Entropy (DsAK)               Turns: 4453, Time: 00:20:23

Health: -1/56      AC: -9    Str: 13    XL:     7   Next: 55%
Magic:  0/12       EV: 14    Int: 13    God:    Lugonu [***...]
Gold:   269        SH:  0    Dex: 14    Spells: 6/6 levels left

rFire    . . .     SeeInvis .   a - +1 short sword
rCold    + . .     Gourm    .   (no shield)
rNeg     . . .     Faith    .   p - +2 chain mail {rC+}
rPois    .         Spirit   +   y - +0 helmet
rElec    .         Reflect  .   o - +2 cloak
rCorr    .         Harm     .   (no gloves)
MR       .....                  (no boots)
Stlth    ..........             (no amulet)
Regen    0.2/turn               d - +5 ring of evasion
MPRegen  0.2/turn               g - +2 ring of evasion

@: corroded
A: hooves 1, yellow scales 2, magic shield, rot immunity
a: Depart the Abyss, Bend Space, Banish, Renounce Religion


You were on level 5 of the Dungeon.
You worshipped Lugonu.
Lugonu was most pleased with you.
You were not hungry.

You visited 1 branch of the dungeon, and saw 5 of its levels.
You visited the Abyss 1 time.

You collected 269 gold pieces.

Inventory:

Hand Weapons
 a - a +1 short sword (weapon)
Armour
 f - a +0 helmet
 j - a +1 chain mail
 o - a +2 cloak (worn)
 p - a +2 chain mail of cold resistance (worn)
 y - a +0 helmet (worn)
Jewellery
 b - an uncursed ring of protection from fire {unknown}
 d - a +5 ring of evasion (left hand)
 g - a +2 ring of evasion (right hand)
Wands
 r - a wand of lightning (5/15)
 u - a wand of flame (26/48)
 w - a wand of random effects (22/48)
Scrolls
 e - 3 scrolls of identify
 h - 4 scrolls of remove curse
 k - a scroll of fear {unknown}
 l - a scroll of enchant armour
 m - a scroll of immolation {unknown}
 n - 2 scrolls of recharging {unknown}
 q - a scroll of fog {unknown}
 s - a scroll of magic mapping {unknown}
Potions
 t - 2 potions of mutation {unknown}
 v - 2 potions of magic {unknown}
 x - a potion of invisibility {unknown}
Comestibles
 c - a royal jelly
 i - a meat ration


   Skills:
 + Level 5.0 Fighting
 - Level 1.7 Short Blades
 + Level 3.9 Armour
 + Level 3.2 Dodging
 * Level 7.2 Invocations


You had 6 spell levels left.
You didn't know any spells.

Dungeon Overview and Level Annotations

Branches:
Dungeon (5/15)
 Temple: D:4-7

Altars:
Elyvilon
Gozag


Innate Abilities, Weirdness & Mutations

You have large cloven feet.
You are mostly covered in yellow scales. (AC +3)
When hurt, damage is shared between your health and your magic reserves.
You are immune to rotting.


Message History

The jelly hits you. The acid corrodes you!
You are splashed with acid!
The acid burns!
You hit the jelly.
Your hands burn!
The jelly is severely wounded.
The jelly barely misses you.
You hit the jelly but do no damage.
Your hands burn!
You kick the jelly, but do no damage.
The jelly is severely wounded.
The jelly hits you.
You are splashed with acid!
The acid burns!
* * * LOW HITPOINT WARNING * * *
You hit the jelly but do no damage.
Your hands burn!
* * * LOW HITPOINT WARNING * * *
The jelly is severely wounded.
The jelly hits you.
* * * LOW HITPOINT WARNING * * *
The acid corrodes you!
You are splashed with acid!
The acid burns!
* * * LOW HITPOINT WARNING * * *
You don't have enough magic at the moment.
You hit the jelly but do no damage. The acid corrodes you!
Your hands burn!
You die...

# .# ####.#
#....#
###....###
#..@.....#
#.#J.....#
#.####...#
#.# ..# #.#
.# #.# #
#.# #.#####
#.....#
###########


You could see a jelly.

Vanquished Creatures
  Duvessa (D:4)
  A black bear (D:3)
  A phantom (D:4)
  Blork the orc (D:4)
  Dowan (D:4)
  An orc priest (D:3)
  2 orc wizards (D:3)
  A centaur skeleton (D:4)
  A worker ant (D:4)
  A hound zombie (D:5)
  Robin (D:4)
  3 gnolls (D:4)
  An adder (D:3)
  An ooze (D:2)
  A worm (D:3)
  2 dart slugs
  5 leopard geckos
  An orc (D:3)
  3 ball pythons
  17 goblins
  11 hobgoblins
  12 jackals
  A quokka (D:4)
  7 bats
  9 frilled lizards
  10 kobolds
  A quokka skeleton (D:5)
  8 rats
105 creatures vanquished.

Vanquished Creatures (others)
  The ghost of 0x5F3759DF the Grave Robber, an amateur DENe (D:4)
1 creature vanquished.

Grand Total: 106 creatures vanquished

Notes
Turn   | Place    | Note
-------+----------+-------------------------------------------
     0 | Abyss:1  | goulibeur the Demonspawn Abyssal Knight began the quest for the Orb.
     0 | Abyss:1  | Reached XP level 1. HP: 18/18 MP: 2/2
     2 | Abyss:1  | Found a corrupted altar of Lugonu.
    34 | Abyss:1  | Noticed a ynoxinul
    34 | Abyss:1  | Noticed a small abomination
    34 | D:1      | Escaped the Abyss
    65 | D:1      | Reached * piety under Lugonu
    65 | D:1      | Reached skill level 1 in Dodging
   312 | D:1      | Gained mutation: You are partially covered in yellow scales. (AC +2) [demonic ancestry]
   312 | D:1      | Reached XP level 2. HP: 24/24 MP: 4/4
   684 | D:1      | Reached skill level 3 in Invocations
   920 | D:2      | Gained mutation: You have large cloven feet. [demonic ancestry]
   920 | D:2      | Reached XP level 3. HP: 28/29 MP: 5/5
  1176 | D:2      | Reached ** piety under Lugonu
  1315 | D:2      | Found a white marble altar of Elyvilon.
  1503 | D:2      | Found an opulent altar of Gozag.
  1657 | D:3      | Gained mutation: When hurt, damage is shared between your health and your magic reserves. [demonic ancestry]
  1657 | D:3      | Reached XP level 4. HP: 30/36 MP: 6/6
  1666 | D:3      | Reached skill level 4 in Invocations
  1670 | D:3      | Gained mutation: You are mostly covered in yellow scales. (AC +3) [demonic ancestry]
  1670 | D:3      | Reached XP level 5. HP: 7/42 MP: 1/8
  2133 | D:3      | Noticed a black bear
  2140 | D:3      | Killed a black bear
  2140 | D:3      | Reached skill level 5 in Invocations
  2959 | D:3      | Gained mutation: You are immune to rotting. [demonic ancestry]
  2959 | D:3      | Reached XP level 6. HP: 48/48 MP: 10/10
  3007 | D:4      | Reached *** piety under Lugonu
  3183 | D:4      | Noticed 0x5F3759DF's ghost (amateur DENe)
  3715 | D:4      | Noticed Dowan
  3715 | D:4      | Noticed Duvessa
  3725 | D:4      | Banished 0x5F3759DF's ghost
  3758 | D:4      | Killed Duvessa
  3758 | D:4      | Reached skill level 6 in Invocations
  3769 | D:4      | Killed Dowan
  3769 | D:4      | Reached XP level 7. HP: 41/55 MP: 11/11
  3875 | D:4      | Noticed Robin
  3894 | D:4      | Killed Robin
  4103 | D:4      | Noticed Blork the orc
  4120 | D:4      | Killed Blork the orc
  4120 | D:4      | Reached skill level 7 in Invocations
  4326 | D:5      | Entered Level 5 of the Dungeon
  4423 | D:5      | Reached skill level 5 in Fighting
  4452 | D:5      | HP: 2/56 [acid (5)]
  4453 | D:5      | Splashed by a jelly's acid

Skill      XL: |  1  2  3  4  5  6  7 |
---------------+----------------------+-----
Dodging        | 1 2 3 |  3.2
Armour         | 2 3 |  3.9
Invocations    | 3 4 5 6 7 |  7.2
Fighting       | 4 5 |  5.0
Short Blades   | |  1.7

Action                   |  1- 3 |  4- 6 |  7- 9 || total
-------------------------+-------+-------+-------++-------
Melee: Short sword       |   110 |   182 |   133 ||   425
       Whip              |   153 |       |       ||   153
       Kick              |    14 |    45 |    34 ||    93
Invok: Depart the Abyss  |     1 |       |       ||     1
       Banish            |       |     1 |       ||     1
  Use: Scroll            |     3 |       |       ||     3
  Eat: Chunk             |     3 |     5 |       ||     8
       Bread ration      |       |     1 |       ||     1
Armor: Leather armour    |    16 |       |       ||    16
       Chain mail        |    89 |    94 |    42 ||   225
Dodge: Dodged            |   197 |    96 |    70 ||   363
